 Dungeon Crawl Stone Soup version 0.31.0-11-ge490571c62 (webtiles) character file.

Game seed: 7577721154154384232

160 ventricule the Sneak (level 5, -4/42 HPs)
             Began as a Human Delver on Jan 27, 2024.
             Was a Believer of Wu Jian.
             Incinerated by a bombardier beetle (6 damage)
             ... with a burning spray
             ... on level 4 of the Dungeon.
             The game lasted 00:11:54 (3726 turns).

ventricule the Sneak (Human Delver)                 Turns: 3726, Time: 00:11:54

Health: -4/42      AC: 10    Str: 14    XL:     5   Next: 41%
Magic:  5/5        EV:  4    Int: 10    God:    Wu Jian [**....]
Gold:   247        SH:  0    Dex: 15    Spells: 4/4 levels left

rFire   . . .        a - +0 spear
rCold   . . .        (no shield)
rNeg    . . .        q - +0 plate armour
rPois   .            (no helmet)
rElec   .            (no cloak)
rCorr   .            (no gloves)
SInv    .            (no boots)
Will    +....        (no amulet) Stlth
                     (no ring)
HPRegen 0.27/turn    (no ring)
MPRegen 0.09/turn

%: no passive effects
@: on fire, about to teleport, enlightened, flying, glowing
A: explore regen
a: Renounce Religion, Wall Jump


You were on level 4 of the Dungeon.
You worshipped Wu Jian.
Wu Jian was pleased with you.
You visited 1 branch of the dungeon, and saw 5 of its levels.

You collected 247 gold pieces.

Inventory:

Hand Weapons
 a - a +0 spear (weapon)
Missiles
 i - 36 stones (quivered)
Armour
 b - a +0 leather armour
 h - a +0 ring mail
 q - a +0 plate armour (worn)
Wands
 g - a wand of digging (3)
Scrolls
 c - a scroll of fog
 d - 2 scrolls of revelation
 l - a scroll of identify
 m - 2 scrolls of immolation {unknown}
 r - a scroll of vulnerability {unknown}
Potions
 f - a potion of haste
 j - a potion of might
 k - a potion of lignification


   Skills:
 + Level 3.9 Fighting
 + Level 3.9 Polearms
 + Level 1.9 Armour
 - Level 2.4 Dodging
 - Level 5.0 Stealth


You had 4 spell levels left.
You didn't know any spells.
Your spell library contained the following spells:

 Spells                   Type           Power      Damage    Failure   Level
 Magic Dart               Conj           0%         1d3       100%        1
 Blink                    Tloc           0%         N/A       100%        2
 Cigotuvi's Dreadful Rot  Necr/Alch/Air  0%         N/A       100%        2
 Lesser Beckoning         Tloc           0%         N/A       100%        2
 Momentum Strike          Conj/Tloc      0%         3d8       100%        2
 Searing Ray              Conj           0%         2d4       100%        2
 Dispel Undead            Necr           0%         3d6       100%        4
 Fulminant Prism          Conj/Alch      0%         3d5       100%        4
 Martyr's Knell           Necr/Summ      0%         N/A       100%        4
 Death Channel            Necr           0%         N/A       100%        6


Dungeon Overview and Level Annotations

Branches:
Dungeon (5/15)
 Temple: D:4-7

Altars:
Wu Jian

Shops:
D:4 =


Innate Abilities, Weirdness & Mutations

You regain HP and MP as you explore.


Message History

You closely miss the bombardier beetle.
The bombardier beetle is lightly wounded.
You barely miss the bombardier beetle.
The bombardier beetle is lightly wounded.
The bombardier beetle bites you.
You hit the bombardier beetle but do no damage.
The bombardier beetle is lightly wounded.
You hit the bombardier beetle.
The bombardier beetle is moderately wounded.
The bombardier beetle sprays incendiary fluid at you.
The burning spray hits you.
You are covered in liquid fire!
You barely miss the bombardier beetle.
The bombardier beetle is moderately wounded.
The liquid fire burns you!
You hit the bombardier beetle.
The bombardier beetle is heavily wounded.
The liquid fire burns you!
The bombardier beetle bites you but does no damage.
You closely miss the bombardier beetle.
The bombardier beetle is heavily wounded.
The liquid fire burns you!
You barely miss the bombardier beetle.
The bombardier beetle is heavily wounded.
The liquid fire burns you!
* * * LOW HITPOINT WARNING * * *
The bombardier beetle bites you but does no damage.
As you read the scroll of teleportation, it crumbles to dust.
You feel strangely unstable. The liquid fire burns you!
* * * LOW HITPOINT WARNING * * *
The bombardier beetle barely misses you.
It was a potion of magic.
Magic courses through your body. The liquid fire burns you!
* * * LOW HITPOINT WARNING * * *
It was a potion of enlightenment.
You feel very buoyant.
You fly up into the air.
The liquid fire burns you!
You die...

..............#############...##.
..............# #.........###
.....[........# ###.###........
..............# #⌠#.#⌠#........
..............#####.....#........
....#####.........#.._..#........
....# #.........#.....###...##.
....# #...$.....####### #...##.
....# #......B@....... #...#..
....# #............... #...#..
#+### #.......####+##.....#...#..
# #.......+ #.....#...#.. #
#.......# #.....####### #
#.......# #............ #
#.......# #............
#######.......# #............
.............########............


You could see a bombardier beetle.

Vanquished Creatures
  Robin (D:3)
  6 adders
  A dart slug (D:4)
  7 orcs
  8 ball pythons
  6 endoplasms
  3 giant cockroaches
  17 goblins
  6 hobgoblins
  2 jackals (D:1)
  6 kobolds
  4 quokkas
  5 bats
  3 frilled lizards (D:3)
  8 rats
83 creatures vanquished.

Notes
Turn   | Place    | Note
-------+----------+-------------------------------------------
     0 | D:5      | ventricule the Human Delver began the quest for the Orb.
     0 | D:5      | Reached XP level 1. HP: 18/18 MP: 1/1
    54 | D:5      | Noticed a gnoll sergeant
   121 | D:5      | Noticed a hound
   287 | D:4      | Noticed a bombardier beetle
   387 | D:4      | Reached XP level 2. HP: 17/24 MP: 2/2
   421 | D:4      | Noticed a bombardier beetle
   474 | D:4      | Found an ornate altar of the Wu Jian Council.
   479 | D:4      | Became a worshipper of the Wu Jian Council
   555 | D:4      | Reached XP level 3. HP: 29/29 MP: 3/3
   743 | D:4      | Reached skill level 1 in Armour
   828 | D:4      | Found Habluxiu's Jewellery Shop.
  1361 | D:3      | Reached XP level 4. HP: 36/36 MP: 4/4
  1644 | D:2      | Reached * piety under Wu Jian
  1712 | D:2      | Found a faded altar of an unknown god.
  2423 | D:1      | Reached XP level 5. HP: 41/42 MP: 5/5
  2811 | D:1      | Reached ** piety under Wu Jian
  3087 | D:3      | Noticed Robin
  3257 | D:3      | Killed Robin
  3708 | D:4      | HP: 1/63 [burnt (5)]
  3725 | D:4      | HP: 2/42 [burnt (4)]
  3726 | D:4      | Incinerated by a bombardier beetle

Illustrated notes

Levels and vault maps discovered:
D:1:      lemuel_arrival_broad_hall, layout_loops_ring, nicolae_titane
D:2:      layout_loops_ring, ebering_ecumenical_altar_webs, hangedman_decor_push
D:3:      layout_basic, uniq_robin
D:4:      minmay_wonky_spiral, layout_gridville, mainiacjoe_overflow_alcove_2,
          minmay_shop_enchanted_jewellery
D:5:      layout_loops_ring, nicolae_uskayaw_murder_on_the_dancefloor,
          kennysheep_small_circle

Skill      XL: |  1  2  3  4 |
---------------+-------------+-----
Armour         | 1 |  1.9
Polearms       | 3 |  3.9
Fighting       | |  3.9
Dodging        | |  2.4
Stealth        | |  5.0

Action                     |  1- 3 |  4- 6 || total
---------------------------+-------+-------++-------
  Melee: Spear             |    99 |   249 ||   348
         Punch             |       |     2 ||     2
Ability: Whirlwind         |       |     2 ||     2
    Use: Scroll            |     3 |     3 ||     6
         Potion            |       |     5 ||     5
   Stab: Sleeping          |     9 |     5 ||    14
 Armour: Leather armour    |    46 |    18 ||    64
         Plate armour      |       |   134 ||   134
  Dodge: Dodged            |    50 |    53 ||   103
